 Dungeon Crawl Stone Soup version 0.16.0-14-g63f578d (webtiles) character file.

5193 GeneralIdiocy the Transmogrifier (level 10, 0/71 HPs)
             Began as an Octopode Transmuter on Mar 19, 2015.
             Was a Believer of Cheibriados.
             Slain by a basilisk (5 damage)
             ... on level 8 of the Dungeon.
             The game lasted 00:22:50 (11053 turns).

GeneralIdiocy the Transmogrifier (OpTm)            Turns: 11053, Time: 00:22:50

Health: 0/71       AC:  2    Str: 20    XL:     10   Next: 60%
Magic:  13/16      EV:  5    Int: 19    God:    Cheibriados [**....]
Gold:   368        SH:  0    Dex: 23    Spells: 4 memorised, 3 levels left

rFire  . . .     SeeInvis .       - Unarmed
rCold  . . .     Clarity  .     (shield currently unavailable)
rNeg   + + +     SustAb   .     C - melded +2 hat
rPois  ∞         Gourm    .     g - amulet of warding (curse)
rElec  .         Spirit   .     h - ring of flight
rCorr  .         Warding  +     y - ring of invisibility (curse)
rMut   .         Stasis   .     E - ring "Xesak" {rN+ EV+6 Str+7 Int-3 Stlth+} (curse)
MR     .....                    (no ring)
Stlth  +++.......               (no ring)
                                (no ring)
                                (no ring)
                                (no ring)

@: spider-form, petrified, very slow, not resistant to hostile enchantments,
fairly stealthy
A: almost no armour, amphibious, 8 rings, (constrict 8), (iridescent scales 0),
(camouflage 0), (gelatinous body 0)
a: End Transformation, Bend Time, Renounce Religion, Evoke Invisibility, Evoke
Flight


You were on level 8 of the Dungeon.
You worshipped Cheibriados.
Cheibriados was pleased with you.
You were very hungry.
You were a venomous arachnid creature.
You visited 2 branches of the dungeon, and saw 9 of its levels.
You also visited: Sewer.

You collected 452 gold pieces.
You spent 84 gold pieces at shops.

Inventory:

Hand weapons
 p - a +1 blowgun
Missiles
 b - 111 arrows
 s - 22 poisoned needles
 B - 13 arrows of frost
Armour
 C - a +2 hat (melded)
Jewellery
 g - a cursed amulet of warding (around neck)
 h - a ring of flight (left front leg)
 y - a cursed ring of invisibility (right front leg)
 E - the cursed ring "Xesak" (on tentacle) {rN+ EV+6 Str+7 Int-3 Stlth+}
   (You found it on level 7 of the Dungeon)

   [ring of evasion]

   It affects your evasion (+6).
   It affects your strength (+7).
   It affects your intelligence (-3).
   It protects you from negative energy.
   It makes you more stealthy.
   It has a curse placed upon it.
Magical devices
 r - a wand of fireball (5)
 A - a wand of fire (4)
 H - a wand of polymorph (14)
Scrolls
 e - 10 scrolls of remove curse
 j - 2 scrolls of magic mapping
 k - a scroll of enchant weapon
 l - 6 scrolls of teleportation
 n - a scroll of enchant armour
 t - 4 scrolls of identify
 v - 3 scrolls of fog
 F - 3 scrolls of recharging
 I - a scroll of fear
Potions
 a - a potion of haste
 c - 4 potions of curing
 i - 5 potions of magic
 m - 2 potions of might
 o - 3 potions of restore abilities
 q - a potion of heal wounds
 w - 2 potions of berserk rage {unknown}
 x - a potion of cure mutation
 z - 2 potions of brilliance
 D - a potion of lignification
Books
 d - a book of Changes

   Spells                             Type                      Level
   a - Beastly Appendage              Transmutation                1
   b - Sticks to Snakes               Transmutation                2
   c - Spider Form                    Transmutation/Poison         3
   d - Ice Form                       Ice/Transmutation            4
   e - Blade Hands                    Transmutation                5
 J - a book of the Warp

   Spells                             Type                      Level
   a - Recall                         Summoning/Translocation      3
   b - Control Teleport               Charms/Translocation         4
   c - Force Lance                    Conjuration/Translocation    4
   d - Phase Shift                    Translocation                5
   e - Warp Weapon                    Charms/Translocation         5
   f - Gell's Gravitas                Hexes/Translocation          5
   g - Summon Forest                  Summoning/Translocation      5
Comestibles
 f - 2 meat rations
 u - a bread ration
 G - a slice of pizza


   Skills:
 + Level 7.2 Fighting
 - Level 2.0 Dodging
 + Level 7.3 Unarmed Combat
 - Level 2.0 Spellcasting
 + Level 10.1 Transmutations
 - Level 5.0 Ice Magic
 - Level 3.1 Poison Magic
 + Level 2.9 Evocations


You had 3 spell levels left.
You knew the following spells:

 Your Spells              Type           Power        Failure   Level  Hunger
a - Beastly Appendage     Trmt           #####.       2%          1    #......
b - Sticks to Snakes      Trmt           #####.....   3%          2    ###....
c - Spider Form           Trmt/Pois      ####......   12%         3    ###....
d - Ice Form              Ice/Trmt       ####....     24%         4    #####..


Dungeon Overview and Level Annotations

Branches:
Dungeon (8/15)             Temple (1/1) D:7            Lair (0/8) D:8

Altars:
Ashenzari
Cheibriados
Dithmenos
Elyvilon
Fedhas
Gozag
Kikubaaqudgha
Makhleb
Nemelex Xobeh
Okawaru
Qazlal
Ru
Sif Muna
Trog
Vehumet
Xom
Yredelemnul
Zin
The Shining One
Jiyva

Shops:
D:5 [   D:6 *


Innate Abilities, Weirdness & Mutations

You cannot wear most types of armour.
You are amphibious.
You can wear up to eight rings at the same time.
((You can use your tentacles to constrict many enemies at once.))
((Your skin changes colour to match your surroundings (Stealth).))
((Your rubbery body absorbs attacks (AC +1).))
((You are partially covered in iridescent scales (AC +4).))


Message History

The hippogriff screeches!
The basilisk gazes at you.
You are slowing down.
The basilisk gazes at you. You resist with some effort.
The basilisk gazes at you. You resist with some effort.
You have turned to stone.
The hippogriff bites you!
* * * LOW HITPOINT WARNING * * *
The hippogriff pecks you.
* * * LOW HITPOINT WARNING * * *
The hippogriff claws you.
* * * LOW HITPOINT WARNING * * *
The basilisk bites you.
* * * LOW HITPOINT WARNING * * *
The hippogriff bites you but does no damage.
The hippogriff pecks you.
The hippogriff claws you but does no damage.
The basilisk bites you!
You die...

##. #...###...# #.#
#.!.......# # #.#
#..#.#.#..# ..# #.#
####(........##
....###.###.....#.#.#...#
..........†##..........†.
#.......####..#.#.#.<.. _
##....H.## #...........
..##...ls..####..........
#....♣..###...............
..........#........########
...♣.P...#.##....## #
........†.t##...##
♣.....P.P..##...#
......♣...###### #####
.♣........# ###...#
.>.......# #..###.


You could see a hippogriff and a basilisk.

Vanquished Creatures
  Pikel (D:7)
  A gargoyle (D:8)
  2 basilisks (D:8)
  The ghost of greynaab the Bolt Thrower, an average DDHu (D:3)
  2 hippogriffs
  An ice beast (D:6)
  4 slaves (D:7)
  An orc warrior (D:6)
  4 porcupines (D:8)
  3 sky beasts
  2 phantoms
  4 ogres
  A centaur (D:8)
  3 necrophages (D:7)
  A crocodile (D:8)
  Sigmund (D:4)
  3 giant frogs
  3 big kobolds (Sewer)
  4 wights (D:7)
  2 crimson imps
  2 goliath beetles
  A jelly (D:5)
  A centaur skeleton (D:7)
  A giant frog zombie (D:6)
  5 hounds
  A quasit (D:6)
  4 worker ants
  Crazy Yiuf (D:7)
  5 orc priests (D:6)
  3 orc wizards
  3 iguanas
  Natasha (twice) (D:3)
  A sheep (D:8)
  Jessica (D:2)
  A hound zombie (D:7)
  A hound skeleton (D:8)
  3 mummies (D:7)
  2 gnolls (D:4)
  6 river rats
  8 adders
  A giant mite (D:7)
  2 worms
  An adder skeleton (D:4)
  6 oozes
  13 orcs
  3 ball pythons
  5 bat skeletons (D:2)
  3 bat zombies
  5 giant cockroaches
  13 goblins
  18 hobgoblins
  16 jackals
  21 kobolds
  2 quokkas
  14 bats
  A giant gecko (D:4)
  4 giant newts
  21 rats
245 creatures vanquished.

Vanquished Creatures (others)
  2 fungi (D:7)
2 creatures vanquished.

Grand Total: 247 creatures vanquished

Notes
Turn   | Place    | Note
--------------------------------------------------------------
     0 | D:1      | GeneralIdiocy, the Octopode Transmuter, began the quest for the Orb.
     0 | D:1      | Reached XP level 1. HP: 13/13 MP: 3/3
     2 | D:1      | Noticed a formicid
     4 | D:1      | Noticed a human
     6 | D:1      | Noticed a demigod
     6 | D:1      | Noticed a ghoul
     8 | D:1      | Noticed a felid
     8 | D:1      | Noticed a merfolk
    10 | D:1      | Noticed an ogre
    12 | D:1      | Noticed a draconian
    12 | D:1      | Noticed an octopode
    14 | D:1      | Noticed a spriggan
    16 | D:1      | Noticed a tengu
    16 | D:1      | Noticed a minotaur
    18 | D:1      | Noticed a troll
    18 | D:1      | Noticed a dwarf
    20 | D:1      | Noticed a gargoyle
    22 | D:1      | Noticed a vine stalker
    22 | D:1      | Noticed a demonspawn
    24 | D:1      | Noticed a centaur
    24 | D:1      | Noticed a vampire
   109 | D:1      | Reached XP level 2. HP: 15/18 MP: 4/4
   588 | D:1      | Reached XP level 3. HP: 21/23 MP: 6/6
  1106 | D:2      | Found a white marble altar of Elyvilon.
  1172 | D:2      | Noticed Jessica
  1181 | D:2      | Killed Jessica
  1181 | D:2      | Reached XP level 4. HP: 9/29 MP: 7/7
  1409 | D:2      | Found a bloodstained altar of Trog.
  1456 | D:2      | Learned a level 2 spell: Sticks to Snakes
  1460 | D:2      | Learned a level 3 spell: Spider Form
  1704 | D:2      | HP: 1/29 [hobgoblin (4)]
  1712 | D:2      | HP: 1/29 [hobgoblin (4)]
  1966 | D:2      | Gained mutation: Your spells are a little harder to cast, but a little more powerful. [potion of mutation]
  1966 | D:2      | Gained mutation: Scrolls take you a little longer to read. [potion of mutation]
  1966 | D:2      | Gained mutation: You are somewhat resistant to further mutation. [potion of mutation]
  1967 | D:2      | Lost mutation: Your spells are a little harder to cast, but a little more powerful. [potion of cure mutation]
  1967 | D:2      | Lost mutation: Scrolls take you a little longer to read. [potion of cure mutation]
  1967 | D:2      | Lost mutation: You are somewhat resistant to further mutation. [potion of cure mutation]
  1970 | D:2      | Found an ancient bone altar of Kikubaaqudgha.
  2265 | D:3      | Found a blossoming altar of Fedhas.
  2278 | D:3      | Found a sacrificial altar of Ru.
  2326 | D:3      | Reached XP level 5. HP: 19/35 MP: 9/9
  2330 | D:3      | Noticed Natasha
  2339 | D:3      | Killed Natasha
  2339 | D:3      | Reached skill level 1 in Poison Magic
  2355 | D:3      | Found a glowing drain.
  2361 | Sewer    | Entered a sewer
  2706 | Sewer    | Reached skill level 4 in Transmutations
  3001 | Sewer    | Reached XP level 6. HP: 22/41 MP: 10/10
  3598 | D:3      | Noticed greynaab's ghost (average DDHu)
  3817 | D:3      | Noticed Natasha
  4063 | D:3      | Reached skill level 5 in Transmutations
  4069 | D:3      | Reached XP level 7. HP: 26/46 MP: 9/12
  4251 | D:3      | Killed Natasha
  4281 | D:3      | Killed greynaab's ghost
  4564 | D:3      | Learned a level 4 spell: Ice Form
  4850 | D:4      | Found a stormy altar of Qazlal.
  5064 | D:4      | Reached skill level 1 in Ice Magic
  5644 | D:4      | Reached XP level 8. HP: 42/54 MP: 13/13
  5745 | D:4      | Reached skill level 6 in Transmutations
  5769 | D:4      | Noticed Sigmund
  5775 | D:4      | Killed Sigmund
  5775 | D:4      | Reached skill level 5 in Unarmed Combat
  5896 | D:4      | Found a glowing silver altar of Zin.
  6048 | D:5      | Entered Level 5 of the Dungeon
  6307 | D:5      | Found a viscous altar of Jiyva.
  6630 | D:5      | Found a glowing golden altar of the Shining One.
  6708 | D:5      | Gained mutation: You are partially covered in iridescent scales (AC +4). [potion of beneficial mutation]
  6886 | D:5      | Reached skill level 7 in Transmutations
  7120 | D:5      | Found Iroroich's Antique Armour Shop.
  7127 | D:5      | Bought a hat for 84 gold pieces
  7148 | D:5      | Found an opulent altar of Gozag.
  7369 | D:6      | Reached skill level 5 in Fighting
  7727 | D:6      | Reached XP level 9. HP: 41/61 MP: 11/14
  7837 | D:6      | Found a burning altar of Makhleb.
  7923 | D:6      | Found Shylyda's General Store.
  8725 | D:6      | Reached skill level 8 in Transmutations
  9160 | D:7      | Found a staircase to the Ecumenical Temple.
  9166 | D:7      | Noticed Pikel
  9170 | Temple   | Entered the Ecumenical Temple
  9284 | Temple   | Became a worshipper of Cheibriados the Contemplative
  9473 | D:7      | Got a scorched golden ring
  9474 | D:7      | Identified the ring "Xesak" {rN+ EV+6 Str+7 Int-3 Stlth+} (You found it on level 7 of the Dungeon)
  9673 | D:7      | Acquired Cheibriados' first power
  9706 | D:7      | Killed Pikel
  9706 | D:7      | Reached skill level 9 in Transmutations
  9706 | D:7      | Reached XP level 10. HP: 40/69 MP: 14/16
  9863 | D:7      | Noticed Crazy Yiuf
  9895 | D:7      | Reached skill level 5 in Ice Magic
 10119 | D:7      | Found a shattered altar of Ashenzari.
 10199 | D:7      | Killed Crazy Yiuf
 10624 | D:8      | Reached skill level 1 in Evocations
 10976 | D:8      | Found a staircase to the Lair.
 10978 | D:8      | Found a basalt altar of Yredelemnul.
 11001 | D:8      | Reached skill level 10 in Transmutations
 11053 | D:8      | Slain by a basilisk

Action                   |  1- 3 |  4- 6 |  7- 9 | 10-12 || total
-------------------------+-------+-------+-------+-------++-------
Melee: Unarmed           |    70 |   191 |   325 |    84 ||   670
 Cast: Beastly Appendage |       |     1 |       |       ||     1
       Spider Form       |       |     2 |    16 |     2 ||    20
       Ice Form          |       |       |       |     1 ||     1
 Abil: Evoke Invisibilit |       |       |     1 |       ||     1
  Use: Scroll            |       |    12 |    11 |     2 ||    25
       Potion            |       |     7 |     1 |       ||     8
 Stab: Sleeping          |     6 |     3 |    11 |     4 ||    24
       Distracted        |       |       |     1 |       ||     1
       Invisible         |       |       |     1 |       ||     1
  Eat: Chunk             |       |     5 |    10 |     3 ||    18
       Bread ration      |       |     1 |     1 |       ||     2
       Royal jelly       |       |       |     2 |       ||     2
       Fruit             |       |       |     3 |       ||     3
